 Dungeon Sprint DCSS version 0.20.1-1-g8b1a95d (webtiles) character file.

31010 groucho the Peltast (level 13, -7/96 HPs)
             Began as a Gargoyle Fighter on Nov 2, 2017.
             Was the Champion of Qazlal.
             Killed from afar by a deep elf knight (25 damage)
             ... with a shard of ice
             ... in the Dungeon (Sprint VII: "The Pits").
             The game lasted 00:09:38 (2739 turns).

groucho the Peltast (Gargoyle Fighter)              Turns: 2739, Time: 00:09:39

Health: -7/96      AC: 31    Str: 26    XL:     13   Next: 55%
Magic:  21/25      EV: 11    Int: 10    God:    Qazlal [******]
Gold:   46         SH: 23    Dex: 10    Spells: 12/12 levels left

rFire    . . .     SeeInvis .   y - +2 morningstar (crush)
rCold    . . .     Gourm    .   c - +0 shield
rNeg     + . .     Faith    .   w - +3 plate armour
rPois    ∞         Spirit   .   (no helmet)
rElec    +         Reflect  .   b - +0 cloak
rCorr    .         Harm     .   x - +0 pair of gloves
MR       .....     NoTele   +   (no boots)
Stlth    ..........             (no amulet)
Regen    0.3/turn               r - +3 ring of strength
MPRegen  0.2/turn               s - +3 ring of evasion

@: protected from physical damage, repel missiles
A: deformed body, negative energy resistance 1, electricity resistance,
unbreathing, petrification resistance, rot immunity, AC +9
a: Upheaval, Elemental Force, Disaster Area, Renounce Religion


You were in the Dungeon.
You worshipped Qazlal.
Qazlal was exalted by your worship.
You were not hungry.

You visited 1 branch You collected 46 gold pieces.

Inventory:

Hand Weapons
 y - a +2 morningstar of crushing (weapon)
Armour
 b - a +0 cloak (worn)
 c - a +0 shield (worn)
 w - a +3 plate armour (worn)
 x - a +0 pair of gloves (worn)
Jewellery
 r - a +3 ring of strength (left hand)
 s - a +3 ring of evasion (right hand)
 C - an uncursed ring of positive energy
 D - an uncursed ring of protection from fire
Scrolls
 e - 3 scrolls of fear
 k - 2 scrolls of blinking
 m - 3 scrolls of remove curse
 n - 5 scrolls of amnesia
 o - a scroll of summoning
 z - 2 scrolls of enchant weapon
 A - 2 scrolls of recharging
 B - 2 scrolls of identify
 E - a scroll of enchant armour
Potions
 a - 2 potions of invisibility
 d - a potion of might
 g - 7 potions of heal wounds
 h - 2 potions of haste
 i - 2 potions of magic
 j - 5 potions of berserk rage
 l - 8 potions of curing
 t - 4 potions of brilliance
 u - 2 potions of resistance
 v - 2 potions of agility
Comestibles
 f - 8 bread rations
 p - 32 fruits
 q - 7 meat rations


   Skills:
 + Level 17.1 Fighting
 + Level 15.7 Maces & Flails
 + Level 17.1 Armour
 + Level 17.1 Shields
 + Level 16.8 Invocations


You had 12 spell levels left.
You didn't know any spells.

Dungeon Overview and Level Annotations

Branches:
Dungeon (1/1)

Altars:
Ashenzari
Cheibriados
Dithmenos
Elyvilon
Fedhas
Gozag
Hepliaklqana
Kikubaaqudgha
Makhleb
Nemelex Xobeh
Okawaru
Qazlal
Ru
Sif Muna
Trog
Uskayaw
Vehumet
Xom
Yredelemnul
Zin
The Shining One
Beogh
Jiyva
Lugonu


Innate Abilities, Weirdness & Mutations

You are resistant to torment.
Your stone body is resilient. (AC +9)
You are immune to poison.
You resist negative energy. (rN+)
You are resistant to electric shocks. (rElec)
You can survive without breathing.
You are immune to petrification.
You are immune to rotting.
Armour fits poorly on your strangely shaped body.


Message History

No target in view!
Your plate armour prevents you from hitting something.
You block something's attack. Something blocks your attack.
Something hits you but does no damage.
You puncture something!
You hear some strange, mumbled words.
A shard of ice appears from out of thin air!
The shard of ice hits you!
You feel protected from cold.
You completely miss something. Something hits you.
* * * LOW HITPOINT WARNING * * *
Your resistance to cold fades away.
You feel protected from physical attacks.
You closely miss something. Something hits you!
* * * LOW HITPOINT WARNING * * *
Something blocks your attack.
You hear some strange, mumbled words.
A shard of ice appears from out of thin air!
The shard of ice hits you!
You die...

##############################+#
..........................)).(.#
.............................(.#
#############(.##############(.#
#....§.).# #(.# #)#.)§§#.#.#
#..# #.[..))..@...# #..#
#.#.#)[§§#{#.# #..#
#......).....# #..#
#.#(#....#.#.# #..#
......[))...)... #..#
.#.#.#..).#.#.#.# #..#
#...#....#...#... #..# ##### ##
## ###########


There were no monsters in sight!

Vanquished Creatures
  A deep elf blademaster (D)
  2 orc warlords (D)
  A vampire knight (D)
  3 vault guards (D)
  A great orb of eyes (D)
  An anaconda (D)
  Erica (D)
  3 naga warriors (D)
  A death yak (D)
  A sun demon (D)
  2 vampire magi (D)
  A deep elf knight (D)
  A fire crab (D)
  A shadow wraith (D)
  11 orc knights (D)
  2 phantasmal warriors (D)
  A deep elf mage (D)
  A cyclops (D)
  A black mamba (D)
  2 eyes of devastation (D)
  Maurice (D)
  A komodo dragon (D)
  A rime drake (D)
  2 kobold demonologists (D)
  A demonic crawler (D)
  A spiny frog (D)
  A merfolk (D)
  A wandering mushroom (D)
  A hornet (D)
  2 polar bears (D)
  2 trolls (D)
  5 blink frogs (D)
  A wind drake (D)
  A bog body (D)
  4 dream sheep (D)
  2 snapping turtles (D)
  A flying skull (D)
  A small abomination (D)
  3 yaks (D)
  A redback (D)
  A ynoxinul (D)
  A neqoxec (D)
  4 vampire mosquitoes (D)
  A soldier ant (D)
  A water moccasin (D)
  A porcupine (D)
  A swamp drake (D)
  An ice beast (D)
  A necrophage (D)
  A phantom (D)
  2 centaurs (D)
  2 big kobolds (D)
  A crimson imp (D)
  An iron imp (D)
  A gnoll shaman (D)
  Crazy Yiuf (D)
  An iguana (D)
  A hell rat (D)
  A worker ant (D)
  6 gnolls (D)
  3 adders (D)
  A white imp (D)
  An ooze (D)
  An adder skeleton (D)
  A bat zombie (D)
  2 giant cockroaches (D)
  3 goblins (D)
  4 jackals (D)
  3 kobolds (D)
  A ball python (D)
  A frilled lizard (D)
  A leopard gecko simulacrum (D)
  A leopard gecko skeleton (D)
124 creatures vanquished.

Notes
Turn   | Place    | Note
-------+----------+-------------------------------------------
     0 | D        | groucho the Gargoyle Fighter began the quest for the Orb.
     0 | D        | Reached XP level 1. HP: 14/14 MP: 1/1
    52 | D        | Found a bloodstained altar of Trog.
    52 | D        | Found a deep blue altar of Sif Muna.
    52 | D        | Found a viscous altar of Jiyva.
    52 | D        | Found a hazy altar of Hepliaklqana.
    52 | D        | Found an opulent altar of Gozag.
    53 | D        | Found a glowing golden altar of the Shining One.
    53 | D        | Found a glowing silver altar of Zin.
    53 | D        | Found a basalt altar of Yredelemnul.
    53 | D        | Found a shimmering altar of Xom.
    53 | D        | Found a sacrificial altar of Ru.
    53 | D        | Found a stormy altar of Qazlal.
    53 | D        | Found an iron altar of Okawaru.
    53 | D        | Found a sparkling altar of Nemelex Xobeh.
    53 | D        | Found a burning altar of Makhleb.
    53 | D        | Found a blossoming altar of Fedhas.
    53 | D        | Found a white marble altar of Elyvilon.
    53 | D        | Found a shadowy altar of Dithmenos.
    53 | D        | Found a snail-covered altar of Cheibriados.
    55 | D        | Found a radiant altar of Vehumet.
    55 | D        | Found a corrupted altar of Lugonu.
    55 | D        | Found a roughly hewn altar of Beogh.
    56 | D        | Found a hide-covered altar of Uskayaw.
    56 | D        | Found an ancient bone altar of Kikubaaqudgha.
    56 | D        | Found a shattered altar of Ashenzari.
    62 | D        | Became a worshipper of Qazlal Stormbringer
    99 | D        | Reached skill level 1 in Invocations
    99 | D        | Reached XP level 2. HP: 17/20 MP: 1/3
   151 | D        | Reached * piety under Qazlal
   154 | D        | Reached XP level 3. HP: 24/24 MP: 4/4
   157 | D        | Reached ** piety under Qazlal
   170 | D        | Noticed a water moccasin
   204 | D        | Killed a water moccasin
   204 | D        | Reached skill level 5 in Maces & Flails
   204 | D        | Reached skill level 5 in Armour
   204 | D        | Reached XP level 4. HP: 9/32 MP: 0/7
   204 | D        | Reached XP level 5. HP: 10/36 MP: 0/8
   211 | D        | Reached *** piety under Qazlal
   558 | D        | Noticed Crazy Yiuf
   558 | D        | Noticed a porcupine
   559 | D        | Noticed a centaur
   559 | D        | Killed Crazy Yiuf
   566 | D        | Killed a porcupine
   566 | D        | Reached skill level 5 in Invocations
   566 | D        | Reached XP level 6. HP: 39/44 MP: 4/10
   742 | D        | Noticed a necrophage
   748 | D        | Killed a necrophage
   748 | D        | Reached XP level 7. HP: 48/48 MP: 6/12
   898 | D        | Reached **** piety under Qazlal
  1017 | D        | Noticed a snapping turtle
  1017 | D        | Noticed a ynoxinul
  1019 | D        | Reached ***** piety under Qazlal
  1023 | D        | Killed a ynoxinul
  1023 | D        | Reached XP level 8. HP: 50/56 MP: 12/14
  1042 | D        | Killed a snapping turtle
  1174 | D        | Noticed a flying skull
  1176 | D        | Noticed a yak
  1177 | D        | Noticed a yak
  1178 | D        | Killed a flying skull
  1181 | D        | Noticed a yak
  1181 | D        | Killed a yak
  1185 | D        | Killed a yak
  1185 | D        | Reached skill level 10 in Fighting
  1185 | D        | Reached skill level 10 in Armour
  1185 | D        | Reached skill level 10 in Shields
  1186 | D        | Noticed a phantasmal warrior
  1190 | D        | Killed a yak
  1190 | D        | Reached XP level 9. HP: 49/62 MP: 11/16
  1194 | D        | Killed a phantasmal warrior
  1194 | D        | Reached skill level 10 in Invocations
  1202 | D        | Noticed an eye of devastation
  1209 | D        | Killed an eye of devastation
  1209 | D        | Reached ****** piety under Qazlal
  1450 | D        | Noticed a cyclops
  1452 | D        | Reached skill level 10 in Maces & Flails
  1453 | D        | Killed a cyclops
  1655 | D        | Noticed a merfolk
  1655 | D        | Noticed a rime drake
  1657 | D        | Killed a rime drake
  1657 | D        | Reached XP level 10. HP: 70/70 MP: 18/18
  1689 | D        | Noticed a phantasmal warrior
  1694 | D        | Noticed a sun demon
  1694 | D        | Killed a shadow wraith
  1700 | D        | Killed a sun demon
  1710 | D        | Killed a phantasmal warrior
  1797 | D        | Noticed a vampire mage
  1814 | D        | Killed a vampire mage
  1814 | D        | Reached XP level 11. HP: 33/77 MP: 6/20
  2006 | D        | Noticed a death yak
  2022 | D        | Killed a death yak
  2037 | D        | Noticed Erica
  2045 | D        | Killed Erica
  2265 | D        | Noticed a fire crab
  2267 | D        | Noticed a vampire knight
  2275 | D        | Killed a fire crab
  2284 | D        | Killed a vampire knight
  2284 | D        | Reached XP level 12. HP: 47/86 MP: 19/22
  2289 | D        | Noticed a vampire mage
  2290 | D        | Killed a vampire mage
  2527 | D        | Noticed Maurice
  2533 | D        | Killed Maurice
  2542 | D        | Reached skill level 15 in Armour
  2543 | D        | Reached skill level 15 in Fighting
  2543 | D        | Reached skill level 15 in Shields
  2695 | D        | Noticed a naga warrior
  2696 | D        | Noticed an anaconda
  2697 | D        | Noticed an orc warlord
  2697 | D        | Noticed an orc warlord
  2697 | D        | Gained mutation: Armour fits poorly on your strangely shaped body. [a neqoxec]
  2698 | D        | Noticed a vault guard
  2698 | D        | Noticed a vault guard
  2698 | D        | Noticed a deep elf knight
  2698 | D        | Noticed a naga warrior
  2699 | D        | Noticed a great orb of eyes
  2699 | D        | Noticed a vault guard
  2700 | D        | Noticed a naga warrior
  2701 | D        | Noticed a deep elf blademaster
  2701 | D        | Killed a great orb of eyes
  2701 | D        | Killed an orc warlord
  2701 | D        | Reached skill level 15 in Invocations
  2701 | D        | Killed a vault guard
  2703 | D        | Killed a deep elf knight
  2703 | D        | Reached XP level 13. HP: 46/93 MP: 8/24
  2703 | D        | Killed a deep elf blademaster
  2703 | D        | Reached skill level 15 in Maces & Flails
  2703 | D        | Killed a vault guard
  2711 | D        | Killed an orc warlord
  2711 | D        | Killed a vault guard
  2739 | D        | Killed from afar by a deep elf knight

Skill      XL: |  1  2  3  4  5  6  7  8  9 10 11 12 13 |
---------------+----------------------------------------+-----
Fighting       | 4 6 7 9 10 11 12 14 16 17 | 17.1
Armour         | 4 5 7 9 10 11 12 14 16 17 | 17.1
Shields        | 4 6 7 9 10 11 12 14 16 17 | 17.1
Invocations    | 1 2 4 5 6 8 9 10 12 14 15 16 | 16.8
Maces & Flails | 3 5 6 8 9 10 11 13 14 15 | 15.7

Action                   |  1- 3 |  4- 6 |  7- 9 | 10-12 | 13-15 || total
-------------------------+-------+-------+-------+-------+-------++-------
Melee: Mace              |    56 |     6 |       |       |       ||    62
       Flail             |     4 |    15 |    28 |       |       ||    47
       Morningstar       |       |       |    27 |   133 |    28 ||   188
Invok: Upheaval          |     1 |     3 |     9 |    21 |       ||    34
       Disaster Area     |       |       |       |     2 |     2 ||     4
  Use: Potion            |       |     1 |     1 |       |     4 ||     6
  Eat: Fruit             |       |       |     8 |       |       ||     8
       Chunk             |       |       |     2 |       |       ||     2
Armor: Scale mail        |    21 |       |       |       |       ||    21
       Ring mail         |       |    10 |     3 |       |       ||    13
       Plate armour      |       |       |     3 |    54 |     8 ||    65
Dodge: Dodged            |    23 |     1 |    17 |    24 |     4 ||    69
       Deflected         |       |       |       |     3 |     1 ||     4
Block: Shield            |    44 |    19 |    46 |   135 |    26 ||   270
